 Dungeon Crawl Stone Soup version 0.20-a0-848-g73d9be0 (webtiles) character file.

532 Alarkh the Skirmisher (level 7, 10/55 HPs)
             Began as a Demonspawn Fighter on Mar 9, 2017.
             Was an Initiate of Okawaru.
             Quit the game on level 4 of the Dungeon.
             The game lasted 00:04:44 (4175 turns).

Alarkh the Skirmisher (Demonspawn Fighter)          Turns: 4175, Time: 00:04:44

Health: 10/55      AC:  7    Str: 16    XL:     7   Next: 3%
Magic:  7/7        EV:  9    Int: 12    God:    Okawaru [......]
Gold:   193        SH:  9    Dex: 12    Spells: 6/6 levels left

rFire    . . .     SeeInvis .   a - +0 long sword
rCold    + . .     Gourm    .   w - +1 ring mail {rC+}
rNeg     + . .     Faith    .   c - +0 shield
rPois    .         Spirit   .   (no helmet)
rElec    .         Reflect  .   (no cloak)
rCorr    +         Harm     .   (no gloves)
MR       .....                  (no boots)
Stlth    +.........             (no amulet)
Regen    0.2/turn               v - ring of resist corrosion
MPRegen  0.1/turn               x - ring of positive energy (curse)

@: no status effects
A: talons 2, rugged brown scales 1, demonic guardian 1, rot immunity
a: Renounce Religion


You were on level 4 of the Dungeon.
You worshipped Okawaru.
Okawaru was noncommittal.
You were near starving.

You visited 2 branches of the dungeon, and saw 5 of its levels.

You collected 193 gold pieces.

Inventory:

Hand Weapons
 a - a +0 long sword (weapon)
Armour
 b - a +0 scale mail
 c - a +0 shield (worn)
 w - a +1 ring mail of cold resistance (worn)
Jewellery
 p - an uncursed ring of magical power
 v - a ring of resist corrosion (right hand)
 x - a cursed ring of positive energy (left hand)
Wands
 n - a wand of iceblast (7/15)
Scrolls
 e - a scroll of identify
 h - a scroll of magic mapping {unknown}
 i - a scroll of recharging {unknown}
 j - 2 scrolls of fog {unknown}
 l - 2 scrolls of remove curse
 m - a scroll of teleportation {unknown}
 q - 2 scrolls of enchant weapon {unknown}
 r - a scroll of fear {unknown}
 s - 3 scrolls of random uselessness {unknown}
 t - a scroll of enchant armour {unknown}
Potions
 d - 3 potions of might
 u - 2 potions of flight
Comestibles
 f - 4 bread rations
 g - 4 meat rations
 k - 2 royal jellies


   Skills:
 + Level 4.2 Fighting
 * Level 4.1 Long Blades
 + Level 3.8 Armour
 + Level 2.5 Dodging
 + Level 3.9 Shields


You had 6 spell levels left.
You didn't know any spells.

Dungeon Overview and Level Annotations

Branches:
Dungeon (4/15)             Temple (1/1) D:4

Altars:
Ashenzari
Cheibriados
Fedhas
Gozag
Kikubaaqudgha
Okawaru
Qazlal
Ru
Trog
Uskayaw
Vehumet
Wu Jian
Yredelemnul
Zin

Shops:
D:2 *


Innate Abilities, Weirdness & Mutations

You have razor-sharp toenails.
You are partially covered in rugged brown scales. (AC +1, +3% HP)
A weak demonic guardian rushes to your aid.
You are immune to rotting.


Message History

Okawaru accepts your kill.
You have reached level 7!
Your demonic ancestry asserts itself...
You feel immune to rotting.
Found a stormy altar of Qazlal.
Your shadow imp hits the gnoll.
You see here an adder corpse.
The gnoll hits your shadow imp with a halberd.
Your shadow imp hits the gnoll.
You see here 2 chunks of flesh.
Your shadow imp barely misses the gnoll.
The gnoll misses your shadow imp.
You swap places.
The gnoll barely misses your shadow imp.
You hit the gnoll.
You kill the gnoll!
Okawaru accepts your kill.
Items here: )) [ †† a halberd; a trident; a scale mail; a gnoll corpse x2
Are you sure you want to abandon this character and quit the game? (Confirm with "yes".)

#.⌠.>.⌠.#.#
#.# #####
#......g..#
#..##
#.).⌠.....#
#...###
#########.#
## .....≈§
#.#
#.PPPP..§§
#.#
#PP_..$.._
#.#


PPPPP.^§# #.#####..P....≈ #.@5..%...# #########...# ### You could see a friendly
shadow imp.

Vanquished Creatures
  The ghost of Alarkh the Skirmisher, an amateur DsFi (D:4)
  A scorpion (D:4)
  A centaur skeleton (D:4)
  2 orc priests
  An orc wizard (D:3)
  5 adders
  A gnoll (D:4)
  An ooze (D:4)
  An adder zombie (D:4)
  A worm (D:2)
  2 leopard geckos (D:3)
  6 orcs
  2 ball pythons (D:3)
  4 bats
  2 giant cockroaches (D:3)
  5 goblins
  3 hobgoblins
  2 jackals (D:1)
  7 kobolds
  2 frilled lizards (D:3)
  8 rats
58 creatures vanquished.

Vanquished Creatures (collateral kills)
  Sigmund (D:4)
  An ogre (D:4)
  A gnoll sergeant (D:4)
  3 gnolls (D:4)
6 creatures vanquished.

Vanquished Creatures (others)
  A frilled lizard (D:3)
1 creature vanquished.

Grand Total: 65 creatures vanquished

Notes
Turn   | Place    | Note
-------+----------+-------------------------------------------
     0 | D:1      | Alarkh the Demonspawn Fighter began the quest for the Orb.
     0 | D:1      | Reached XP level 1. HP: 18/18 MP: 1/1
   338 | D:1      | Gained mutation: You have sharp toenails. [demonic ancestry]
   338 | D:1      | Reached XP level 2. HP: 24/24 MP: 2/2
  1087 | D:2      | Found Zin's Purification Station.
  1089 | D:2      | Found a glowing silver altar of Zin.
  1206 | D:2      | Reached skill level 1 in Dodging
  1206 | D:2      | Gained mutation: You are partially covered in rugged brown scales. (AC +1, +3% HP) [demonic ancestry]
  1206 | D:2      | Reached XP level 3. HP: 22/29 MP: 3/3
  1434 | D:2      | Found a radiant altar of Vehumet.
  2421 | D:3      | Reached XP level 4. HP: 32/36 MP: 4/4
  2815 | D:4      | Gained mutation: A weak demonic guardian rushes to your aid. [demonic ancestry]
  2815 | D:4      | Reached XP level 5. HP: 39/42 MP: 5/5
  2909 | D:4      | Noticed Alarkh's ghost (amateur DsFi)
  3201 | D:4      | Noticed Sigmund
  3211 | D:4      | Killed Sigmund
  3211 | D:4      | Gained mutation: You have razor-sharp toenails. [demonic ancestry]
  3211 | D:4      | Reached XP level 6. HP: 24/49 MP: 6/6
  3404 | D:4      | Killed Alarkh's ghost
  3767 | D:4      | Found a staircase to the Ecumenical Temple.
  3780 | Temple   | Entered the Ecumenical Temple
  4023 | Temple   | Became a worshipper of Warmaster Okawaru
  4164 | D:4      | HP: 2/49 [gnoll sergeant/trident (9)]
  4166 | D:4      | Found a blossoming altar of Fedhas.
  4167 | D:4      | Found a stormy altar of Qazlal.
  4167 | D:4      | Gained mutation: You are immune to rotting. [demonic ancestry]
  4167 | D:4      | Reached XP level 7. HP: 9/55 MP: 7/7
  4175 | D:4      | Quit the game

Vault maps used:
D:1:      dpeg_arrival_yet_another_circle
D:2:      zin_purify, lemuel_doored_altar, kennysheep_generic_room_5
D:4:      grunt_temple_overflow_forces_of_nature,
          nicolae_tso_swordbearing_angel, temple_fountains, lightli_minifort,
          uniq_sigmund
Temple:   dpeg_chambers_temple

Skill      XL: |  1  2  3  4  5  6 |
---------------+-------------------+-----
Long Blades    | 2 3 4 |  4.1
Shields        | 3 |  3.9
Dodging        | 1 2 |  2.5
Armour         | 3 |  3.8
Fighting       | 4 |  4.2

Action                   |  1- 3 |  4- 6 |  7- 9 || total
-------------------------+-------+-------+-------++-------
Melee: Long sword        |   133 |    88 |     1 ||   222
       Kick              |    23 |    22 |       ||    45
  Use: Scroll            |     6 |       |       ||     6
       Potion            |     1 |     5 |       ||     6
 Stab: Distracted        |       |     2 |       ||     2
  Eat: Chunk             |     5 |     4 |       ||     9
Armor: Scale mail        |    66 |    41 |       ||   107
       Ring mail         |       |    11 |       ||    11
Dodge: Dodged            |    50 |    39 |       ||    89
Block: Shield            |    67 |    49 |       ||   116
       Rpst.: Long sword |    15 |    12 |       ||    27
